 Dungeon Crawl Stone Soup version 0.30-a0-972-gf3ab3527aa (webtiles) character file.

Game seed: 12361824363345514864

8643 Jackthecabe the Slicer (level 11, -2/60 HPs)
             Began as a Vine Stalker Brigand on Apr 1, 2023.
             Was a Believer of Wu Jian.
             Shot with an arrow by a centaur warrior (11 damage)
             ... on level 8 of the Dungeon.
             The game lasted 00:31:47 (7701 turns).

Jackthecabe the Slicer (Vine Stalker Brigand)       Turns: 7701, Time: 00:31:48

Health: -2/60      AC:  9    Str: 14    XL:     11   Next: 34%
Magic:  0/21       EV: 11    Int: 11    God:    Wu Jian [**....]
Gold:   324        SH:  0    Dex: 20    Spells: 7/10 levels left

rFire   . . .      SeeInvis +    b - +4 rapier (drain)
rCold   . . .      Faith    .    (no shield)
rNeg    . . .      Spirit   +    T - +0 troll leather armour
rPois   +          Reflect  .    p - +0 helmet
rElec   .          Rampage  .    Q - +1 cloak {rPois}
rCorr   .                        P - +0 pair of gloves
Will    +....                    y - +0 pair of boots
Stlth   +++++                    (no amulet)
HPRegen 1.90/turn                v - ring of see invisible
MPRegen 0.17/turn                M - ring of magical power

@: no status effects
A: fangs 3, regeneration 1, magic shield, antimagic bite, no potion heal 2
a: Renounce Religion, Wall Jump


You were on level 8 of the Dungeon.
You worshipped Wu Jian.
Wu Jian was pleased with you.
You visited 2 branches of the dungeon, and saw 10 of its levels.

You collected 485 gold pieces.
You spent 161 gold pieces at shops.


Innate Abilities, Weirdness & Mutations

You have razor-sharp teeth.
Your natural rate of healing is unusually fast.
When hurt, damage is shared between your health and your magic reserves.
Your bite disrupts and absorbs the magic of your enemies.
Potions cannot restore your health.


   Skills:
 + Level 8.8 Fighting
 + Level 11.2 Short Blades
 - Level 1.7 Throwing
 - Level 0.7 Dodging
 + Level 11.1 Stealth
 - Level 3.0 Evocations


You had 7 spell levels left.
You knew the following spells:

 Your Spells              Type           Power      Damage    Failure   Level
c - Confusing Touch       Hex            0%         N/A       80%         3

Your spell library contained the following spells:

 Spells                   Type           Power      Damage    Failure   Level
 Slow                     Hex            0%         N/A       41%         1
 Vampiric Draining        Necr           0%         2d6       80%         3
 Iskenderun's Battlesphe  Conj           0%         2d6       100%        5
 Iron Shot                Conj/Erth      0%         9d1       100%        6
 Spellforged Servitor     Conj/Summ      0%         N/A       100%        7

Inventory:

Hand Weapons
 a - a +2 dagger of electrocution
 b - a +4 rapier of draining (weapon)
 w - a +2 whip of venom
Missiles
 d - 28 poisoned darts (quivered)
 x - 4 curare-tipped darts {=f}
Armour
 p - a +0 helmet (worn)
 y - a +0 pair of boots (worn)
 L - a +2 leather armour of poison resistance
 P - a +0 pair of gloves (worn)
 Q - a +1 cloak of poison resistance (worn)
 T - a +0 troll leather armour (worn)
Jewellery
 v - a ring of see invisible (left hand)
 z - a ring of wizardry
 F - a ring of fire
 M - a ring of magical power (right hand)
 R - a ring of resist corrosion
 Z - a ring of wizardry
Wands
 e - a wand of flame (22)
 g - a wand of mindburst (11)
 B - a wand of polymorph (8)
 U - a wand of roots (4)
Scrolls
 h - 4 scrolls of enchant weapon {unknown}
 j - 2 scrolls of vulnerability {unknown}
 k - 2 scrolls of torment
 o - 2 scrolls of amnesia {unknown}
 q - 2 scrolls of magic mapping
 s - 2 scrolls of poison
 u - 2 scrolls of teleportation {@r2}
 D - a scroll of immolation
 G - a scroll of silence {unknown}
 K - a scroll of identify {@r1}
 N - a scroll of fog {unknown}
 O - a scroll of enchant armour {unknown}
 V - a scroll of blinking {unknown}
Potions
 c - a potion of lignification {unknown}
 f - 7 potions of flight
 i - a potion of berserk rage {unknown}
 l - 10 potions of curing {@q1}
 m - 5 potions of might
 n - 4 potions of haste {unknown}
 r - 2 potions of resistance {unknown}
 t - 3 potions of heal wounds {unknown}
 A - 2 potions of mutation {unknown}
 C - a potion of magic
 H - a potion of degeneration {unknown}
 I - a potion of cancellation {unknown}
 S - a potion of brilliance {unknown}

Dungeon Overview and Level Annotations

Branches:
Dungeon (9/15)             Temple (1/1) D:5            Lair (0/5) D:9
    Orc: D:9-12

Altars:
Ashenzari
Cheibriados
Dithmenos
Elyvilon
Fedhas
Gozag
Kikubaaqudgha
Makhleb
Nemelex Xobeh
Qazlal
Ru
Sif Muna
Trog
Uskayaw
Vehumet
Wu Jian
Xom
Yredelemnul
Zin
The Shining One

Shops:
D:2 *   D:3 [*?   D:6 =   D:8 :

Annotations:
D:3 3 runed translucent doors, LobsterGuardian's ghost, weakling OpEE
D:4 Sigmund
D:8 exclusions: gnoll bouda and 3 more exclusions
D:9 Harold

###...##............▒▒▒
#.#........c##.#....▒▒▒
#.####..............Q.▒▒g #.#
#.....#....)......▒?▒
####.####.......>.###.....▒▒.
.......÷.....[##..##.......▒.▒
...........................▒▒$
.........#######............▒.▒▒▒
##...##### ###@...#.....#.▒▒Q▒.
#...# ###.....[#.....#..▒.▒.
#...#######........########.▒▒.▒
#............####..# #..▒.▒
##...########## #..# ##.▒.▒
.....#############..#########..▒.
.#....................<.)......▒.
......#######################....
##...## #####


You could see a centaur warrior (invisible) and a tengu conjurer (wandering).


Message History

You barely miss the killer bee.
The centaur warrior shouts!
You bite the killer bee, but do no damage.
The killer bee is severely wounded.
The howler monkey misses you.
The killer bee stings you but does no damage.
The centaur warrior drinks a potion.
The centaur warrior flickers and vanishes for a moment.
You puncture the killer bee!
You kill the killer bee!
The Council accepts your kill. The howler monkey hits you.
The centaur warrior unwields a +2 mace of protection.
The centaur warrior wields a +0 longbow.
The centaur warrior shoots an arrow.
The arrow hits you!
* * * LOW HITPOINT WARNING * * *
You spin and attack the howler monkey repeatedly.
You puncture the howler monkey! You drain the howler monkey.
Your bite misses the howler monkey.
The howler monkey is severely wounded.
You hit the howler monkey. You drain the howler monkey.
You bite the howler monkey.
You kill the howler monkey!
The Council accepts your kill.
The centaur warrior shoots an arrow.
The arrow hits you!!
* * * LOW HITPOINT WARNING * * *
The centaur warrior shoots an arrow.
The arrow hits you!!
* * * LOW HITPOINT WARNING * * *
The centaur warrior shoots an arrow.
The arrow hits you!
You die...

Skill      XL: |  1  2  3  4  5  6  7  8  9 10 11 |
---------------+----------------------------------+-----
Short Blades   | 2 3 4 5 6 8 10 11 | 11.2
Fighting       | 2 4 7 8 |  8.8
Stealth        | 5 8 10 11 | 11.1
Evocations     | 1 2 3 |  3.0
Throwing       | |  1.7
Dodging        | |  0.7

Action                     |  1- 3 |  4- 6 |  7- 9 | 10-12 || total
---------------------------+-------+-------+-------+-------++-------
  Melee: Dagger            |    61 |   100 |    13 |       ||   174
         Bite              |    17 |    27 |    63 |    76 ||   183
         Whip              |    12 |    11 |       |       ||    23
         Punch             |     1 |       |     4 |     3 ||     8
         Rapier            |       |       |   189 |   201 ||   390
         Unarmed           |       |       |    11 |       ||    11
  Throw: Dart              |       |     6 |    14 |    16 ||    36
Ability: Lunge             |       |       |    30 |    15 ||    45
         Whirlwind         |       |       |       |    22 ||    22
         Wall Jump         |       |       |       |     2 ||     2
  Evoke: Wand              |       |       |     4 |     2 ||     6
    Use: Scroll            |       |     6 |     1 |     1 ||     8
   Stab: Sleeping          |     9 |     8 |    14 |       ||    31
         Distracted        |       |     2 |     1 |     3 ||     6
         Confused          |       |       |     1 |       ||     1
 Armour: Robe              |     8 |       |       |       ||     8
         Leather armour    |    11 |    22 |    50 |    22 ||   105
         Skin              |       |       |     3 |       ||     3
         Troll leather arm |       |       |       |    35 ||    35
  Dodge: Dodged            |    37 |    45 |    91 |   101 ||   274

Levels and vault maps discovered:
D:1:      nzn_arrival_water_spiral, layout_rooms
D:2:      layout_basic, shapermc_ecumenical_altar_acropolis, serial_shops,
          nicolae_diamond_shop
D:3:      layout_loops_cross, ebering_ghost_gozag, serial_shops,
          nicolae_square_shop, nicolae_shop_stone, nicolae_shop_window_shopping,
          uniq_natasha
D:4:      layout_basic, uniq_sigmund, uniq_duvessa
D:5:      layout_rooms, minmay_temple_entry_mini_moons, uniq_grinder, uniq_ijyb
D:6:      nicolae_cairo_tiling_very_big, layout_basic, xom_teletrap_fun,
          serial_shops, shop
D:7:      layout_loops_ring, kennysheep_generic_room_2, uniq_crazy_yiuf_cottage
D:8:      minmay_the_grid_four_pointed_star
          [minmay_the_grid_triangle_9x9_thin_v,
          minmay_the_grid_triangle_9x9_flanged_cone,
          minmay_the_grid_triangle_9x9_windchime,
          minmay_the_grid_triangle_9x9_odd_lines,
          minmay_the_grid_prize_four_corners], layout_rooms,
          mainiacjoe_overflow_alcove_2, kennysheep_mini, serial_shops,
          nicolae_shop_trees, uniq_pikel
D:9:      layout_cave_pools, erik_lair_island, st_stairs_7,
          minmay_increasing_density, uniq_harold
Temple:   hellmonk_temple_divided_pantheon

Notes
Turn   | Place    | Note
-------+----------+-------------------------------------------
     0 | D:1      | Jackthecabe the Vine Stalker Brigand began the quest for
                  | the Orb.
     0 | D:1      | Reached XP level 1. HP: 11/11 MP: 2/2
    54 | D:1      | Reached skill level 2 in Short Blades
    92 | D:1      | Reached XP level 2. HP: 15/15 MP: 3/3
   387 | D:1      | Reached skill level 3 in Short Blades
   530 | D:2      | Reached XP level 3. HP: 11/18 MP: 4/4
   592 | D:2      | Found Kogoemum's General Store.
   759 | D:2      | Found a faded altar of an unknown god.
  1085 | D:2      | Gained mutation: Your natural rate of healing is unusually
                  | fast. [Vine Stalker growth]
  1085 | D:2      | Reached XP level 4. HP: 17/23 MP: 1/5
  1205 | D:2      | Reached skill level 4 in Short Blades
  1413 | D:3      | Found a runed translucent gate.
  1413 | D:3      | Found a runed translucent gate.
  1413 | D:3      | Found a runed translucent gate.
  1427 | D:3      | Found an opulent altar of Gozag.
  1428 | D:3      | Noticed a kobold brigand
  1431 | D:3      | Noticed LobsterGuardian's ghost (weakling OpEE)
  1438 | D:3      | Found Riarhuz's General Store.
  1465 | D:3      | Found Posum's Magic Scroll Shop.
  1474 | D:3      | Bought a scroll of identify for 26 gold pieces
  1474 | D:3      | Bought a scroll of teleportation for 39 gold pieces
  1591 | D:3      | Noticed Natasha
  1592 | D:3      | Killed Natasha
  1593 | D:3      | Reached XP level 5. HP: 26/26 MP: 6/6
  1894 | D:3      | Noticed Natasha
  1920 | D:3      | Killed Natasha
  1951 | D:3      | Reached skill level 5 in Short Blades
  1956 | D:3      | Noticed Natasha
  1973 | D:3      | Killed Natasha
  1983 | D:3      | Found Anwaxaepp's Armour Emporium.
  2194 | D:4      | Reached XP level 6. HP: 30/30 MP: 7/7
  2205 | D:4      | Noticed a water moccasin
  2207 | D:4      | Killed a water moccasin
  2208 | D:4      | Reached skill level 6 in Short Blades
  2231 | D:4      | Noticed Sigmund
  2253 | D:4      | Noticed Dowan
  2706 | D:4      | Noticed Duvessa
  2720 | D:4      | Killed Duvessa
  2721 | D:4      | Reached XP level 7. HP: 34/34 MP: 8/8
  2737 | D:4      | Killed Dowan
  2738 | D:4      | Reached skill level 7 in Short Blades
  2815 | D:4      | Identified the +1 robe of Lethargy {Str+2}
  2884 | D:5      | Entered Level 5 of the Dungeon
  3097 | D:5      | Reached skill level 8 in Short Blades
  3142 | D:5      | Noticed Grinder
  3183 | D:4      | Reached skill level 2 in Fighting
  3183 | D:4      | Reached skill level 5 in Stealth
  3183 | D:4      | Reached skill level 1 in Evocations
  3183 | D:4      | Gained mutation: You have razor-sharp teeth. [Vine Stalker
                  | growth]
  3183 | D:4      | Reached XP level 8. HP: 39/39 MP: 9/9
  3320 | D:5      | Killed Grinder
  3321 | D:5      | Reached skill level 2 in Evocations
  3608 | D:5      | Reached skill level 6 in Stealth
  3648 | D:5      | Reached skill level 3 in Fighting
  3667 | D:5      | Found a staircase to the Ecumenical Temple.
  3678 | Temple   | Entered the Ecumenical Temple
  3678 | Temple   | Found a transporter.
  3678 | Temple   | Found a transporter.
  3680 | Temple   | Found a transporter.
  3680 | Temple   | Found a transporter.
  3716 | Temple   | Became a worshipper of the Wu Jian Council
  3735 | D:5      | Noticed Ijyb
  3745 | D:5      | Killed Ijyb
  4072 | D:6      | Reached skill level 7 in Stealth
  4155 | D:6      | Reached skill level 4 in Fighting
  4176 | D:6      | Found Umoeceps's Jewellery Emporium.
  4665 | D:2      | Bought a scroll of immolation for 48 gold pieces
  4665 | D:2      | Bought a scroll of fear for 48 gold pieces
  5000 | D:6      | Reached skill level 8 in Stealth
  5000 | D:6      | Reached XP level 9. HP: 46/46 MP: 10/10
  5069 | D:6      | Learned a level 3 spell: Confusing Touch
  5109 | D:6      | Reached skill level 5 in Fighting
  5184 | D:6      | Found a shimmering altar of Xom.
  5275 | D:6      | Reached skill level 9 in Stealth
  5703 | D:7      | Found a runed translucent door.
  5704 | D:7      | Noticed Crazy Yiuf
  5711 | D:7      | Killed Crazy Yiuf
  5758 | D:7      | Reached * piety under Wu Jian
  5759 | D:7      | Reached skill level 6 in Fighting
  5792 | D:7      | Reached skill level 10 in Stealth
  6291 | D:8      | Noticed a troll
  6373 | D:7      | Reached skill level 7 in Fighting
  6563 | D:8      | Reached XP level 10. HP: 56/56 MP: 11/11
  6574 | D:8      | Noticed a tengu warrior
  6588 | D:7      | Noticed an unseen horror
  6597 | D:7      | Killed an unseen horror
  6598 | D:7      | Reached skill level 8 in Fighting
  6666 | D:8      | Found a sacrificial altar of Ru.
  6691 | D:7      | Reached ** piety under Wu Jian
  6692 | D:7      | Reached skill level 3 in Evocations
  6832 | D:8      | Found Qexuraal's Book Boutique.
  6859 | D:8      | Noticed a centaur warrior
  6861 | D:8      | Found a white marble altar of Elyvilon.
  6876 | D:8      | Killed a tengu warrior
  6877 | D:8      | Reached skill level 9 in Short Blades
  6932 | D:8      | Noticed Pikel
  6963 | D:7      | Killed Pikel
  7103 | D:8      | Reached skill level 10 in Short Blades
  7122 | D:8      | Noticed a centaur warrior
  7326 | D:9      | Noticed Harold
  7345 | D:9      | Found a staircase to the Lair.
  7411 | D:9      | Reached XP level 11. HP: 53/59 MP: 12/12
  7456 | D:9      | Noticed a two-headed ogre
  7461 | D:9      | Reached skill level 11 in Short Blades
  7554 | D:9      | HP: 5/58 [two-headed ogre/+0 giant club (18)]
  7554 | D:9      | HP: 2/58 [wight/+0 scimitar (3)]
  7596 | D:8      | Killed a two-headed ogre
  7597 | D:8      | Reached skill level 11 in Stealth
  7701 | D:8      | Shot with an arrow by a centaur warrior

Vanquished Creatures
  A two-headed ogre (D:8)
  A tengu warrior (D:8)
  Pikel (D:7)
  An unseen horror (D:7)
  2 hornets
  A troll (D:9)
  Grinder (D:5)
  2 wyverns
  9 yaks
  A wraith (D:7)
  A vampire mosquito (D:8)
  3 water moccasins
  Duvessa (D:4)
  2 orc warriors
  2 ice beasts
  A black bear (D:6)
  2 ogres
  4 centaurs
  2 lemures (D:8)
  2 wolves (D:9)
  4 kobold brigands
  A phantom (D:5)
  5 bullfrogs
  4 scorpions
  5 wights
  Dowan (D:4)
  4 killer bees
  An electric eel (D:9)
  9 howler monkeys
  5 hounds
  Crazy Yiuf (D:7)
  2 gnoll boudas
  4 orc priests
  2 orc wizards
  Ijyb (D:5)
  Natasha (thrice) (D:3)
  4 iguanas
  11 adders
  4 gnolls (D:6)
  A shadow imp (D:5)
  2 white imps
  An ufetubus (D:7)
  2 worms
  5 dart slugs
  24 orcs
  6 bats
  8 endoplasms
  2 giant cockroaches (D:1)
  9 goblins
  2 hobgoblins
  22 kobolds
  2 quokkas
  5 ball pythons
  4 frilled lizards
  4 rats
210 creatures vanquished.

Vanquished Creatures (others)
  A fungus (D:2)
  A plant (D:2)
2 creatures vanquished.

Grand Total: 212 creatures vanquished

Table legend: (Time is in decaauts)
 A = Elapsed time spent in this place.
 B = Non-inter-level travel time spent in this place.
 C = Inter-level travel time spent in this place.
 D = Time resting spent in this place.
 E = Time spent auto-exploring this place.
 F = Levels seen in this place.
 G = Mean time per level.
                   A        B        C        D        E       F      G
               +--------+--------+--------+--------+--------+-----+--------+
         Total |   7590 |   7073 |    517 |   1117 |   3647 |  10 |  759.0 |
       Dungeon |   7534 |   7033 |    501 |   1117 |   3645 |   9 |  837.1 |
        Temple |     55 |     39 |     16 |      0 |      2 |   1 |   55.0 |
               +--------+--------+--------+--------+--------+-----+--------+

Top non-repeatable levels by time:
     D:6: 1305 daAuts
     D:4: 1080 daAuts
     D:7: 975 daAuts
     D:2: 904 daAuts
     D:5: 861 daAuts
     D:3: 832 daAuts
     D:8: 830 daAuts
     D:1: 454 daAuts
     D:9: 289 daAuts
  Temple: 55 daAuts

Table legend:
 A = Non-vault XP
 B = Vault XP
 C = Vault XP percentage of total XP
 D = Non-vault monster count
 E = Vault monster count
 F = Vault count percentage of total count
                 A         B        C        D         E       F
            +---------+---------+-------+---------+---------+-------
      Total |    7958 |    4390 |  35.6 |     180 |      28 |  13.5
            +---------+---------+-------+---------+---------+-------
        D:1 |      33 |       0 |   0.0 |      15 |       0 |   0.0
        D:2 |      98 |       0 |   0.0 |      21 |       0 |   0.0
        D:3 |     111 |      35 |  24.0 |      22 |       1 |   4.3
        D:4 |     432 |     211 |  32.8 |      15 |       2 |  11.8
        D:5 |     648 |     302 |  31.8 |      18 |       2 |  10.0
        D:6 |    1274 |       0 |   0.0 |      25 |       0 |   0.0
        D:7 |    1725 |    1158 |  40.2 |      26 |       4 |  13.3
        D:8 |    1958 |    1615 |  45.2 |      19 |       9 |  32.1
        D:9 |    1679 |    1069 |  38.9 |      19 |      10 |  34.5
            +---------+---------+-------+---------+---------+-------
